[Event "Uralsk-ch Women 2019"]
[Site "Khanty-Mansiysk"]
[Date "2019.03.13"]
[Round "1.2"]
[White "Filippova, Darya"]
[Black "Ilona, Beliakova"]
[Result "1-0"]
[ECO "A17"]
[WhiteElo "2099"]
[BlackElo "1699"]
[Annotator "NA RC"]
[PlyCount "125"]
[EventDate "2019.03.12"]
[EventType "swiss"]
[EventCountry "RUS"]
[SourceTitle "playchess.com"]
[Source "ChessBase"]
[SourceQuality "1"]
[TimeControl "5400+30"]

1. c4 e6 2. Nc3 Nf6 3. Nf3 b6 4. a3 c5 5. e3 Nc6 6. d4 cxd4 7. exd4 d5 8. Ne5 Nxe5 9. dxe5 Nd7 10. cxd5 Nxe5 11. Bb5+ Bd7 12. O-O Be7 13. dxe6 Bxb5 14. exf7+ Nxf7 15. Nxb5 O-O 16. Bf4 Bf6 17. Qb3 Qd7 18. Rad1 Qf5 19. Bg3 Kh8 20. Rd5 Qe4 21. Rd7 Ne5 22. Rc7 Nd3 23. Nd6 Qe2 24. Rc2 Nc5 25. Qd5 Qe7 26. Re2 Qd7 27. Rfe1 h6 28. Qh5 Nd3 29. Rf1 Nxb2 30. Qg6 Na4 31. h3 Nc5 32. Rfe1 Nb7 33. Re6 Nxd6 34. Bxd6 Rf7 35. g3 Bd4 36. R1e2 Bf6 37. Kh2 b5 38. Bf4 Raf8 39. Rd6 Qc8 40. Rc2 Qe8 41. Rdc6 Re7 42. Qg4 Qd7 43. Bd6 Qxg4 44. hxg4 Rfe8 45. Bxe7 Rxe7 46. Rc7 Rxc7 47. Rxc7 Bd4 48. f4 Kh7 49. f5 a5 50. Rb7 b4 51. a4 Bc3 52. Rb5 h5 53. gxh5 Kh6 54. g4 Kg5 55. Kg3 Be1+ 56. Kf3 Bc3 57. Rxa5 b3 58. Rb5 b2 59. a5 b1=Q 60. Rxb1 Bxa5 61. Ra1 Bc3 62. Ra6 Be5 63. Rg6+ 1-0

[Event "Uralsk-ch Women 2019"]
[Site "Khanty-Mansiysk"]
[Date "2019.03.13"]
[Round "1.3"]
[White "Anastasiya, Makarova"]
[Black "Garifullina, Leya"]
[Result "0-1"]
[ECO "A45"]
[WhiteElo "1593"]
[BlackElo "2095"]
[Annotator "NA RC"]
[PlyCount "54"]
[EventDate "2019.03.12"]
[EventType "swiss"]
[EventCountry "RUS"]
[SourceTitle "playchess.com"]
[Source "ChessBase"]
[SourceQuality "1"]
[TimeControl "5400+30"]

1. d4 Nf6 2. e3 g6 3. Bd3 Bg7 4. f4 O-O 5. Nf3 d6 6. e4 Bg4 7. Nbd2 e5 8. fxe5 dxe5 9. dxe5 Nfd7 10. h3 Bxf3 11. Nxf3 Nxe5 12. O-O Nbc6 13. a3 b6 14. Rb1 Nxf3+ 15. Qxf3 Ne5 16. Qe2 c5 17. Rd1 Qe7 18. Bb5 a6 19. Bxa6 c4 20. Bxc4 Qc5+ 21. Kh1 Qxc4 22. Qxc4 Nxc4 23. c3 Rfe8 24. Re1 f5 25. Bf4 Rxe4 26. Rxe4 fxe4 27. Kg1 e3 0-1

[Event "Uralsk-ch Women 2019"]
[Site "Khanty-Mansiysk"]
[Date "2019.03.13"]
[Round "2.2"]
[White "Ekaterina, Kovaleva"]
[Black "Filippova, Darya"]
[Result "0-1"]
[ECO "B14"]
[WhiteElo "1953"]
[BlackElo "2099"]
[Annotator "NA RC"]
[PlyCount "98"]
[EventDate "2019.03.12"]
[EventType "swiss"]
[EventCountry "RUS"]
[SourceTitle "playchess.com"]
[Source "ChessBase"]
[SourceQuality "1"]
[TimeControl "5400+30"]

1. e4 c6 2. d4 d5 3. exd5 cxd5 4. c4 Nf6 5. Nc3 g6 6. Nf3 Bg7 7. cxd5 O-O 8. Bc4 Nbd7 9. d6 exd6 10. O-O Nb6 11. Bb3 d5 12. Bf4 Ne4 13. Re1 Nxc3 14. bxc3 Be6 15. Ne5 Rc8 16. Rc1 Nc4 17. Nxc4 dxc4 18. Bc2 Bd5 19. Be4 Re8 20. Qf3 Rxe4 21. Rxe4 Qa5 22. Qh3 Rf8 23. Re2 h5 24. Qe3 b5 25. Qd2 Kh7 26. Rce1 Qb6 27. Be5 Bh6 28. Qb2 Qc6 29. f3 a5 30. Rb1 b4 31. cxb4 c3 32. Qc2 axb4 33. Rxb4 Ra8 34. Rb8 Rxb8 35. Bxb8 Qb6 36. Be5 f6 37. Bg3 Bd2 38. Be1 Qxd4+ 39. Kh1 Qc4 40. Re7+ Kh8 41. Re8+ Kg7 42. Kg1 Bf7 43. Re4 Qc5+ 44. Kh1 Qb5 45. Kg1 Qb2 46. Qd3 Qxa2 47. Bxd2 cxd2 48. Rd4 Qa1+ 49. Kf2 Qe1# {[%emt 0:00:08] Kxe1} 0-1

[Event "Uralsk-ch Women 2019"]
[Site "Khanty-Mansiysk"]
[Date "2019.03.13"]
[Round "2.3"]
[White "Garifullina, Leya"]
[Black "Galina, Mikheeva"]
[Result "1-0"]
[ECO "C65"]
[WhiteElo "2095"]
[BlackElo "1736"]
[Annotator "NA RC"]
[PlyCount "119"]
[EventDate "2019.03.12"]
[EventType "swiss"]
[EventCountry "RUS"]
[SourceTitle "playchess.com"]
[Source "ChessBase"]
[SourceQuality "1"]
[TimeControl "5400+30"]

1. e4 e5 2. Nf3 Nc6 3. Bb5 Nf6 4. d3 Bc5 5. Bxc6 dxc6 6. Nbd2 Bd6 7. b3 Qe7 8. Bb2 Nd7 9. O-O f6 10. Nh4 Nc5 11. Nc4 O-O 12. f4 exf4 13. Nxd6 cxd6 14. Rxf4 Qc7 15. Rf2 Be6 16. Nf5 d5 17. exd5 cxd5 18. Nd4 Bf7 19. Qg4 Bg6 20. Raf1 Qd7 21. Qg3 Ne6 22. Nf3 d4 23. Nh4 Qf7 24. Re1 Rfe8 25. Rfe2 Bh5 26. Re4 Qd7 27. Qf2 Rad8 28. h3 Bf7 29. Nf5 Bg6 30. Bxd4 Nxd4 31. Rxe8+ Rxe8 32. Rxe8+ Qxe8 33. Nxd4 a6 34. Ne2 Qe5 35. Nf4 Qa1+ 36. Kh2 Qe5 37. g3 Be8 38. Qe2 Qxe2+ 39. Nxe2 Kf7 40. Kg2 Ke6 41. Kf2 f5 42. h4 h6 43. Ke3 g5 44. hxg5 hxg5 45. c4 Bh5 46. Nc3 Be8 47. d4 Bd7 48. Nd5 Kd6 49. Nf6 Bc8 50. Nh7 g4 51. Nf6 Be6 52. Ne8+ Ke7 53. Nc7 Bc8 54. Kf4 Kd6 55. Nd5 Bd7 56. Ne3 b5 57. c5+ Ke6 58. d5+ Kf6 59. c6 Be8 60. Nxf5 1-0

[Event "Uralsk-ch Women 2019"]
[Site "Khanty-Mansiysk"]
[Date "2019.03.14"]
[Round "3.2"]
[White "Filippova, Darya"]
[Black "Svetlana, But"]
[Result "1-0"]
[ECO "D00"]
[WhiteElo "2099"]
[BlackElo "1984"]
[Annotator "NA RC"]
[PlyCount "145"]
[EventDate "2019.03.12"]
[EventType "swiss"]
[EventCountry "RUS"]
[SourceTitle "playchess.com"]
[Source "ChessBase"]
[SourceQuality "1"]
[TimeControl "5400+30"]

1. d4 d5 2. Bf4 Nf6 3. e3 e6 4. Nf3 c5 5. c3 Nc6 6. Nbd2 cxd4 7. exd4 h6 8. Bd3 Bd6 9. Bg3 O-O 10. Qe2 Nh5 11. Ne5 Nxg3 12. hxg3 f5 13. Ndf3 Bxe5 14. Nxe5 Nxe5 15. Qxe5 Qf6 16. Qe2 f4 17. gxf4 Qxf4 18. Rh5 Bd7 19. Rd1 Rae8 20. Re5 Rf6 21. Rd2 Rc8 22. Qh5 Be8 23. Qh3 Rd8 24. Bc2 h5 25. g3 Qh6 26. Qh4 Rc8 27. f4 Qh8 28. Rde2 Bf7 29. a4 b6 30. Bd3 g6 31. Rg5 Kg7 32. Qh2 a5 33. Qh4 Rc7 34. Rh2 Rc8 35. Kd2 Re8 36. Qxh5 Qxh5 37. Rhxh5 Rh8 38. Rxh8 Kxh8 39. Ke3 Be8 40. b3 Kg7 41. g4 Bd7 42. Re5 Rf8 43. c4 dxc4 44. Bxc4 Re8 45. d5 exd5 46. Rxe8 Bxe8 47. Bxd5 b5 48. axb5 Bxb5 49. Kd4 g5 50. fxg5 Kg6 51. Be6 a4 52. b4 a3 53. Kc3 Ba4 54. Bb3 Bc6 55. Bc4 Kxg5 56. Be6 Ba4 57. Kd2 a2 58. Bxa2 Kxg4 59. Ke3 Kf5 60. Kd4 Bd7 61. Kc5 Ke5 62. Bd5 Bf5 63. b5 Bd3 64. b6 Ba6 65. Kc6 Kd4 66. Bg2 Ke5 67. Kc7 Ke6 68. Bf1 Bxf1 69. b7 Bg2 70. b8=Q Bd5 71. Qb6+ Ke5 72. Qc5 Ke4 73. Kd6 1-0

[Event "Uralsk-ch Women 2019"]
[Site "Khanty-Mansiysk"]
[Date "2019.03.14"]
[Round "3.3"]
[White "Mukhina, Jana"]
[Black "Garifullina, Leya"]
[Result "1/2-1/2"]
[ECO "E23"]
[WhiteElo "2038"]
[BlackElo "2095"]
[Annotator "NA RC"]
[PlyCount "87"]
[EventDate "2019.03.12"]
[EventType "swiss"]
[EventCountry "RUS"]
[SourceTitle "playchess.com"]
[Source "ChessBase"]
[SourceQuality "1"]
[TimeControl "5400+30"]

1. d4 Nf6 2. c4 e6 3. Nc3 Bb4 4. Qb3 c5 5. dxc5 Nc6 6. Bg5 Bxc5 7. Nf3 Nd4 8. Nxd4 Bxd4 9. e3 Qa5 10. exd4 Qxg5 11. Qa3 Qf4 12. f3 Qe3+ 13. Be2 d5 14. Qc5 Bd7 15. Nb5 Bxb5 16. Qxb5+ Nd7 17. cxd5 exd5 18. Qxd5 O-O 19. Qe4 Qg5 20. O-O Nf6 21. f4 Nxe4 22. fxg5 Nxg5 23. Rac1 Rac8 24. Bg4 Rcd8 25. Rf4 Ne6 26. Bxe6 fxe6 27. Rxf8+ Rxf8 28. Rc7 Rf7 29. Rc8+ Rf8 30. Rxf8+ Kxf8 31. Kf2 Ke7 32. Ke3 Kd7 33. Kf4 Kd6 34. Ke4 b5 35. b4 a6 36. g3 g6 37. h3 h6 38. h4 h5 39. a3 Kd7 40. Kf4 Ke7 41. Ke5 Kf7 42. Ke4 Ke7 43. Ke5 Kf7 44. Ke4 1/2-1/2

[Event "Uralsk-ch Women 2019"]
[Site "Khanty-Mansiysk"]
[Date "2019.03.15"]
[Round "4.1"]
[White "Kabanova, Ekaterina"]
[Black "Filippova, Darya"]
[Result "1-0"]
[ECO "A13"]
[WhiteElo "2086"]
[BlackElo "2099"]
[Annotator "NA RC"]
[PlyCount "77"]
[EventDate "2019.03.15"]
[EventType "swiss"]
[EventCountry "RUS"]
[SourceTitle "playchess.com"]
[Source "ChessBase"]
[SourceQuality "1"]
[TimeControl "40/5400+30:1800+30"]

1. c4 e6 2. Nf3 Nf6 3. e3 d5 4. Qc2 c5 5. a3 Nc6 6. d3 Be7 7. Be2 O-O 8. Nbd2 b6 9. b3 Bb7 10. h3 Qc7 11. Bb2 Rad8 12. O-O a5 13. Rfe1 d4 14. exd4 cxd4 15. Bf1 e5 16. Qd1 Nd7 17. Ne4 h6 18. Nfd2 f5 19. Ng3 Bd6 20. Qh5 Ne7 21. Rab1 Bc5 22. Qd1 Qd6 23. Ra1 Rde8 24. Be2 Ng6 25. Bf3 Bxf3 26. Nxf3 Nf4 27. Nh4 Qc6 28. Bc1 g5 29. Bxf4 gxh4 30. Nxf5 Rf6 31. Qh5 Ree6 32. Bd2 e4 33. dxe4 Rxe4 34. Rxe4 Qxe4 35. Nxh6+ Kg7 36. Ng4 Rg6 37. Re1 Qc2 38. Bh6+ Kf7 39. Qd5+ 1-0

[Event "Uralsk-ch Women 2019"]
[Site "Khanty-Mansiysk"]
[Date "2019.03.15"]
[Round "4.2"]
[White "Vinokur, Yuliya"]
[Black "Mukhina, Jana"]
[Result "0-1"]
[ECO "E92"]
[WhiteElo "2076"]
[BlackElo "2038"]
[Annotator "NA RC"]
[PlyCount "90"]
[EventDate "2019.03.15"]
[EventType "swiss"]
[EventCountry "RUS"]
[SourceTitle "playchess.com"]
[Source "ChessBase"]
[SourceQuality "1"]
[TimeControl "40/5400+30:1800+30"]

1. d4 Nf6 2. c4 g6 3. Nc3 Bg7 4. e4 d6 5. Be2 O-O 6. Nf3 e5 7. d5 a5 8. Bg5 h6 9. Bh4 g5 10. Bg3 Nh5 11. h4 {[%emt 0:00:09] E92: King's Indian: Classical: 6 Be2 e5: 7 dxe5, 7 Be3 and Petrosian System without 7...Nbd7} g4 12. Nh2 (12. Nd2 Nxg3 13. fxg3 h5 14. Qc2 Na6 15. O-O-O Qf6 16. Rhf1 Qh6 17. Kb1 Bd7 18. a3 a4 {0-1 (60) Aronian,L (2785)-Grischuk,A (2737) Doha 2016}) 12... Nxg3 13. fxg3 h5 14. O-O Na6 15. Bd3 Nc5 16. Bc2 Bd7 17. Qd2 Qe7 18. Rf2 f5 19. exf5 e4 20. f6 $146 ({Predecessor:} 20. Nf1 Bxf5 21. Ne3 Bg6 22. Raf1 Rxf2 23. Rxf2 {0-1 (46) Pereira Figueroa,M (2060)-Diaz Castro,S (2228) Dos Hermanas 2003}) 20... Rxf6 21. Qg5 Re8 22. Re2 Rf5 23. Qe3 Re5 24. Rae1 Bf5 25. Nf1 Nd3 26. Rb1 c5 27. dxc6 bxc6 28. Ba4 Qb7 29. Nd2 R8e6 30. Qg5 Qb6+ 31. Kh2 e3 32. c5 Qxc5 33. Nc4 Qxc4 34. Bb3 Qc5 35. Bxe6+ Bxe6 36. Qd8+ Kh7 37. Rd1 Bf5 38. Na4 Qb4 39. Nb6 d5 40. Nc8 Qb8 41. Qb6 Qxc8 42. Rxe3 $19 Rxe3 43. Qxe3 Qe6 44. Qg5 Qg6 45. Qd8 Nxb2 0-1

[Event "Uralsk-ch Women 2019"]
[Site "Khanty-Mansiysk"]
[Date "2019.03.16"]
[Round "5.1"]
[White "Mukhina, Jana"]
[Black "Kabanova, Ekaterina"]
[Result "1-0"]
[ECO "C07"]
[WhiteElo "2038"]
[BlackElo "2086"]
[Annotator "NA RC"]
[PlyCount "81"]
[EventDate "2019.03.12"]
[EventType "swiss"]
[EventCountry "RUS"]
[SourceTitle "playchess.com"]
[Source "ChessBase"]
[SourceQuality "1"]
[TimeControl "5400+30"]

1. e4 e6 2. d4 d5 3. Nd2 c5 4. exd5 Qxd5 5. dxc5 Bxc5 6. Ngf3 Nf6 7. Bc4 Qc6 {[%emt 0:00:06] C07: French Tarrasch: 3...c5, 4 Ngf3 and 4 exd5 Qxd5} 8. O-O (8. Qe2 O-O 9. O-O b6 10. Nb3 Bb7 11. Nxc5 Qxc5 12. b3 Nbd7 13. Bb2 Qh5 14. Ne5 Qxe2 15. Bxe2 Nxe5 16. Bxe5 {½-½ (68) Bruzon Batista,L (2653)-Lenderman,A (2626) Saint Louis 2018}) 8... Nbd7 9. Qe2 O-O 10. Nb3 Bb6 11. Bf4 a6 12. Rfe1 e5 $146 ({Predecessor:} 12... Bc7 13. Bd2 b5 14. Bd3 Nc5 15. Nxc5 Qxc5 {1-0 (39) Barbiso,T (1925)-Settis,M (2063) Turin 2009}) 13. Bg3 Bc7 14. a4 b6 15. Nfd2 Bb7 16. Qf1 Kh8 17. Be2 Rfe8 18. c3 Bd6 19. Nc4 Bb8 20. Red1 Qe6 21. Ncd2 h6 22. h3 Qf5 23. Nc4 $11 Qe6 24. Ncd2 Ra7 25. Re1 Qf5 26. Bd3 e4 27. Nd4 Qg5 28. Bxb8 Nxb8 29. f4 Qg3 30. Bc2 Qg6 31. N2f3 Nbd7 32. Qf2 Qh5 33. Nh4 g6 34. Qg3 Rg8 35. Bd1 Qc5 36. b4 Qd5 37. Bb3 Qd6 38. Bxf7 Rg7 39. Nxg6+ Kh7 40. Nf5 Qd3 41. Nf8+ 1-0

[Event "Uralsk-ch Women 2019"]
[Site "Khanty-Mansiysk"]
[Date "2019.03.16"]
[Round "5.2"]
[White "Filippova, Darya"]
[Black "Ponomarenko, Valeria"]
[Result "1-0"]
[ECO "A43"]
[WhiteElo "2099"]
[BlackElo "1412"]
[Annotator "NA RC"]
[PlyCount "91"]
[EventDate "2019.03.12"]
[EventType "swiss"]
[EventCountry "RUS"]
[SourceTitle "playchess.com"]
[Source "ChessBase"]
[SourceQuality "1"]
[TimeControl "5400+30"]

1. d4 c5 2. e3 cxd4 3. exd4 d5 4. g3 {[%emt 0:00:40] B13: Caro-Kann: Exchange Variation and Panov-Botvinnik Attack} (4. Bd3 Nc6 5. c3 Nf6 6. h3 g6 7. Nf3 Bf5 8. Be2 Bg7 9. O-O O-O 10. Bf4 Ne4 11. Nbd2 Re8 12. Re1 h6 13. Bf1 g5 14. Bh2 Qd7 15. Nxe4 Bxe4 {1-0 (35) Caruana,F (2828)-Shankland,S (2725) chess.com INT 2019}) 4... g6 5. Bg2 Bg7 6. c3 Nf6 7. f4 O-O 8. Nf3 Nc6 9. Nbd2 $146 ({Predecessor:} 9. O-O Bf5 10. Re1 Ne4 11. Nbd2 {½-½ (45) Katona,F (2253)-Akots,G (2250) Hungary 2010}) 9... Bf5 10. O-O Qc8 11. Ne5 Bh3 12. Qe2 Bxg2 13. Kxg2 Re8 14. Re1 Nd7 15. Qg4 Ndxe5 16. Qxc8 Raxc8 17. fxe5 f6 18. Nf3 fxe5 19. dxe5 e6 20. Bf4 b5 21. a3 a5 22. Re2 h6 23. h4 Red8 24. Be3 Rd7 25. Rf1 Kh7 26. Bd4 Rf7 $2 {[%emt 0:05:41] [#]} (26... Rb7 $11) 27. Ng5+ $1 {[%emt 0:00:26] Discovered Attack} hxg5 28. Rxf7 gxh4 29. gxh4 Kg8 30. Rb7 Rb8 31. Rxb8+ Nxb8 32. Kf3 Nc6 33. Kg4 Ne7 $18 34. Kg5 Kh7 (34... Kf7 {keeps fighting.} 35. h5 gxh5 36. Kxh5 Nf5) 35. b3 Nf5 36. a4 bxa4 37. bxa4 Ng3 38. Rb2 Ne4+ 39. Kg4 Bh6 40. Rb5 Bd2 41. Rxa5 Nxc3 42. Bxc3 Bxc3 43. Ra6 Bxe5 44. Rxe6 Bc3 45. Rd6 d4 46. Rd5 1-0

[Event "Uralsk-ch Women 2019"]
[Site "Khanty-Mansiysk"]
[Date "2019.03.16"]
[Round "5.3"]
[White "Karelina, Viktoriya"]
[Black "Garifullina, Leya"]
[Result "1-0"]
[ECO "B90"]
[WhiteElo "1755"]
[BlackElo "2095"]
[Annotator "NA"]
[PlyCount "135"]
[EventDate "2019.03.12"]
[EventType "swiss"]
[EventCountry "RUS"]
[SourceTitle "playchess.com"]
[Source "ChessBase"]
[SourceQuality "1"]
[TimeControl "5400+30"]

1. e4 c5 2. Nf3 d6 3. d4 cxd4 4. Nxd4 Nf6 5. Nc3 a6 6. Nb3 e5 7. Bg5 Be6 {[%emt 0:00:25] B94: Sicilian Najdorf: 6 Bg5 Nbd7} 8. Qd3 (8. f4 exf4 9. Qd2 Be7 10. O-O-O Bxb3 11. cxb3 Nc6 12. Bxf4 O-O 13. Bxd6 Bxd6 14. Qxd6 Qa5 15. Be2 {½-½ (76) Kryvoruchko,Y (2695)-Abdusattorov,N (2558) Batumi 2018}) 8... Nbd7 9. Be2 h6 10. Bxf6 Nxf6 11. O-O-O $146 ({Predecessor:} 11. Qg3 b5 12. a3 Qc7 13. Nd2 d5 14. exd5 Nxd5 15. Nxd5 Bxd5 16. O-O {0-1 (34) Jagodzinska,J (2145)-Wierzbicka,E (2030) Konin 1990}) 11... Be7 12. Kb1 Rc8 13. h4 h5 14. f3 Qd7 15. Qe3 Qc6 16. Rd2 b5 17. a3 Qc7 18. Qf2 Rb8 19. g4 ({White should try} 19. Nd5 $15 Bxd5 20. exd5) 19... Nd7 20. f4 hxg4 21. f5 Bc4 22. Bxg4 Nf6 23. Be2 a5 24. Qg2 a4 25. Nc1 $1 b4 $1 26. axb4 Rxb4 27. N1a2 ({Not} 27. Qxg7 $2 Rg8 $19) (27. Bxc4 $15 Qxc4 28. N1a2) 27... Rb8 28. Nxa4 Bxa2+ 29. Kxa2 Qa5 30. b3 Nd7 31. Rd5 Nc5 32. Qxg7 Rf8 33. f6 Bd8 34. h5 $2 (34. Bc4) 34... Qa8 35. Rxc5 dxc5 36. Bd3 $2 (36. Bc4 Qc6 37. Rf1) 36... Qc6 (36... Rb4 $142) 37. Rf1 Ba5 $2 (37... c4) 38. h6 Kd7 39. h7 Ra8 40. Rd1 Kc7 41. h8=Q Rxh8 42. Qxf7+ Kb8 43. Qg7 Rc8 44. Kb2 $2 (44. Kb1 $18 {is the precise move to win.}) 44... c4 45. Bxc4 Bb4 46. Rd5 Rxa4 $2 (46... Ra7) 47. bxa4 Rc7 48. Qg8+ Ka7 49. Rb5 Bc3+ 50. Kxc3 Rc8 51. Qd5 Qa6 52. Qd7+ Ka8 53. Rb8+ Kxb8 54. Qb5+ Qb7 55. Qxb7+ Kxb7 56. a5 Kc6 57. a6 Kb6 58. f7 Kc5 59. Kd3 Rd8+ 60. Kc3 Rc8 61. Be6 Rd8 62. Bd7 Rf8 63. Be8 Kb6 64. Kc4 Rh8 65. Kd5 Kxa6 66. Ke6 Kb6 67. Ke7 Rh7 68. Kf6 1-0

[Event "Uralsk-ch Women 2019"]
[Site "Khanty-Mansiysk"]
[Date "2019.03.17"]
[Round "6.1"]
[White "Filippova, Darya"]
[Black "Mukhina, Jana"]
[Result "1/2-1/2"]
[ECO "E92"]
[WhiteElo "2099"]
[BlackElo "2038"]
[Annotator "NA"]
[PlyCount "119"]
[EventDate "2019.03.12"]
[EventType "swiss"]
[EventCountry "RUS"]
[SourceTitle "playchess.com"]
[Source "ChessBase"]
[SourceQuality "1"]
[TimeControl "5400+30"]

1. Nf3 Nf6 2. c4 g6 3. Nc3 Bg7 4. e4 d6 5. d4 O-O 6. Be2 e5 7. dxe5 dxe5 8. Qxd8 Rxd8 9. Bg5 Re8 10. Nd5 Nxd5 11. cxd5 c6 12. Bc4 cxd5 13. Bxd5 Na6 14. Ke2 Nb4 15. Bb3 {[%emt 0:03:16] E92: King's Indian: Classical: 6 Be2 e5: 7 dxe5, 7 Be3 and Petrosian System without 7...Nbd7} Bd7 (15... Be6 16. Bxe6 Rxe6 17. a3 Nc6 18. Rhd1 f5 19. Be3 Nd4+ 20. Kf1 fxe4 21. Nxd4 exd4 22. Bxd4 Bxd4 23. Rxd4 e3 24. Re1 Rf8 25. Re2 Rxf2+ 26. Rxf2 exf2 27. Kxf2 Re7 {½-½ (27) Mirzoev,A (2543)-Movsziszian,K (2456) Ibiza 2006}) 16. Nd2 Bb5+ $146 ({Predecessor:} 16... Nc6 17. Be3 Nd4+ 18. Bxd4 exd4 19. Kd3 Bc6 20. Rac1 Bh6 21. f3 Rac8 22. Rc2 Kf8 {½-½ (30) Hallekamp,G-Schulze,I (2049) Stade 2000}) 17. Bc4 Bxc4+ 18. Nxc4 Nc2 19. Rac1 Nd4+ 20. Kd1 b5 21. Nd6 Re6 $15 22. Nb7 Ra6 23. a3 Bf8 24. Be3 b4 25. Bxd4 exd4 26. axb4 Bxb4 27. Nc5 Bxc5 28. Rxc5 Ra1+ 29. Rc1 Ra2 30. Kc2 Rb8 31. Rb1 a5 32. Rhd1 a4 33. Rd3 a3 34. Rb3 Rc8+ 35. Kd3 axb2 36. R1xb2 Ra4 37. Rb4 Rxb4 38. Rxb4 Rc1 39. h4 h5 40. Rxd4 Rg1 41. g3 Ra1 42. Ke3 Kg7 43. Kf4 Ra2 44. f3 Ra6 45. Ke3 Ra1 46. f4 Rg1 47. Kf2 Ra1 48. Rd3 Ra4 49. Ke3 Rb4 50. Kf3 Rb1 51. Re3 Rf1+ 52. Ke2 Ra1 53. Rf3 Ra2+ 54. Ke3 Ra3+ 55. Kf2 Ra2+ 56. Kf1 Ra1+ 57. Kg2 Re1 58. e5 Ra1 59. f5 Re1 60. fxg6 1/2-1/2

[Event "Uralsk-ch Women 2019"]
[Site "Khanty-Mansiysk"]
[Date "2019.03.17"]
[Round "6.2"]
[White "Kabanova, Ekaterina"]
[Black "Karelina, Viktoriya"]
[Result "1-0"]
[ECO "A48"]
[WhiteElo "2086"]
[BlackElo "1755"]
[Annotator "NA"]
[PlyCount "49"]
[EventDate "2019.03.12"]
[EventType "swiss"]
[EventCountry "RUS"]
[SourceTitle "playchess.com"]
[Source "ChessBase"]
[SourceQuality "1"]
[TimeControl "5400+30"]

1. d4 Nf6 2. Nf3 g6 3. Nc3 d5 4. Bf4 Bg7 5. e3 O-O 6. Be2 b6 7. Ne5 Bb7 8. h4 c5 9. h5 Nc6 10. hxg6 fxg6 11. Bg4 Nxg4 12. Qxg4 Nxe5 13. Bxe5 $14 Bf6 14. Qe6+ Rf7 15. Rxh7 Qe8 16. Rh6 Qc8 17. Rxg6+ Kf8 18. Qxc8+ Rxc8 19. Bxf6 Rxf6 20. Rxf6+ exf6 21. Ke2 cxd4 22. exd4 Ke7 23. Rh1 Ba6+ 24. Ke3 Kd6 25. Rh5 1-0

[Event "Uralsk-ch Women 2019"]
[Site "Khanty-Mansiysk"]
[Date "2019.03.17"]
[Round "6.3"]
[White "Ilona, Beliakova"]
[Black "Semenova, Elena"]
[Result "0-1"]
[ECO "E10"]
[WhiteElo "1699"]
[BlackElo "2238"]
[Annotator "NA"]
[PlyCount "66"]
[EventDate "2019.03.12"]
[EventType "swiss"]
[EventCountry "RUS"]
[SourceTitle "playchess.com"]
[Source "ChessBase"]
[SourceQuality "1"]
[TimeControl "5400+30"]

1. d4 Nf6 2. c4 e6 3. Nf3 d5 4. g3 dxc4 5. Qa4+ Nbd7 6. Qxc4 a6 7. a4 c5 8. dxc5 Bxc5 9. Bg2 {[%emt 0:04:38] [#]} b5 $1 10. Qc2 Bb7 11. O-O O-O 12. Bg5 Rc8 13. Qd2 h6 14. Bxf6 Nxf6 ({Much worse is} 14... gxf6 $6 15. Qxh6 Bxf3 16. Bxf3 $16) 15. axb5 axb5 $15 16. Qa5 Qb6 17. b4 Qxa5 18. Rxa5 Be7 19. Rxb5 Ba6 20. Rb6 Bxe2 21. Re1 Nd5 22. Rb7 Ba6 23. Ra7 Bxb4 24. Nbd2 Bd3 25. Rea1 Bc3 26. R1a3 Be2 27. Bf1 Bxf1 28. Kxf1 Bb4 29. Rb3 Rc2 30. Ke2 Rd8 31. Kd1 Rcc8 32. Ke1 Rc1+ 33. Ke2 Nc3+ {[%emt 0:00:45] Ra6} 0-1

[Event "Uralsk-ch Women 2019"]
[Site "Khanty-Mansiysk"]
[Date "2019.03.18"]
[Round "7.2"]
[White "Voskresenskaya, Marta"]
[Black "Kabanova, Ekaterina"]
[Result "0-1"]
[ECO "A40"]
[WhiteElo "1980"]
[BlackElo "2086"]
[Annotator "NA RC"]
[PlyCount "84"]
[EventDate "2019.03.12"]
[EventType "swiss"]
[EventCountry "RUS"]
[SourceTitle "playchess.com"]
[Source "ChessBase"]
[SourceQuality "1"]
[TimeControl "5400+30"]

1. d4 e6 2. c4 b6 3. e4 Bb7 4. Nc3 Bb4 5. Qc2 Ne7 (5... c5 6. d5 f5 7. a3 Ba5 8. Bd2 fxe4 9. Nxe4 Bxd2+ 10. Qxd2 Qe7 11. O-O-O Nf6 12. Nc3 O-O 13. Nf3 {1-0 (83) Melkumyan,H (2660)-Lomasov,S (2540) Douglas 2018}) 6. Bd3 {[%emt 0:01:05] A40: Unusual replies to 1 d4} f5 ({Black should play} 6... d5 $14) 7. Nge2 O-O 8. O-O Nbc6 $146 ({Predecessor:} 8... Bxc3 $5 9. bxc3 (9. Nxc3 Nbc6 $11) 9... Nbc6 $14 (9... h6 10. a4 Qe8 11. a5 Qf7 12. Ba3 d6 13. f3 {1-0 (32) Raupp,T (2310)-Mueller,R (2190) Germany 2013})) 9. Be3 Bxc3 10. bxc3 Qe8 11. f3 Na5 12. Nc1 fxe4 13. fxe4 Rxf1+ 14. Bxf1 ({White should try} 14. Kxf1 $11 d5 15. cxd5 exd5 16. e5) 14... Ba6 15. Qa4 d6 16. Qxe8+ Rxe8 17. c5 Bxf1 18. Kxf1 Nc4 19. Ke2 bxc5 20. dxc5 {[%emt 0:09:37] [#]} d5 (20... Nd5 $1 $17 21. Bg5 (21. exd5 exd5) 21... h6 22. Bxh6 Nxc3+ 23. Kd3 Nxe4 24. Kxe4 d5+ 25. Kd4 gxh6) 21. e5 (21. Kd3 $15) 21... Nxe5 22. Rb1 N7c6 23. Rb7 Rb8 ({Black should try} 23... Re7 $17 24. Nb3 Nc4) 24. Rxb8+ (24. Rxc7 $11 {was the only way to keep the balance.} Rb2+ 25. Kf1) 24... Nxb8 25. Nb3 Nec6 26. Nd4 (26. c4 $17) 26... Nxd4+ 27. cxd4 Nc6 28. a3 Kf7 29. Kd3 e5 30. dxe5 Ke6 ({Resist} 30... Nxe5+ 31. Kd4 $17) 31. Bf4 Nxe5+ 32. Kd4 Nc6+ 33. Kd3 Kd7 34. g4 (34. Be3 {was called for.}) 34... Nd8 35. Kc3 Ne6 36. Be3 Kc6 $19 37. Kb4 Nxc5 38. Bxc5 a5+ 39. Kxa5 Kxc5 40. a4 d4 41. Ka6 d3 42. a5 Kb4 0-1

[Event "Uralsk-ch Women 2019"]
[Site "Khanty-Mansiysk"]
[Date "2019.03.18"]
[Round "7.3"]
[White "Galina, Mironenko"]
[Black "Filippova, Darya"]
[Result "0-1"]
[ECO "C05"]
[WhiteElo "1911"]
[BlackElo "2099"]
[Annotator "NA RC"]
[PlyCount "100"]
[EventDate "2019.03.12"]
[EventType "swiss"]
[EventCountry "RUS"]
[SourceTitle "playchess.com"]
[Source "ChessBase"]
[SourceQuality "1"]
[TimeControl "5400+30"]

1. e4 e6 2. d4 d5 3. Nd2 Nf6 4. e5 Nfd7 5. Ngf3 c5 6. c3 Nc6 7. Bb5 {[%emt 0:04:19] LiveBook: 4 Games} ({White should try} 7. Bd3 $11) 7... Qb6 8. Bxc6 {[%emt 0:09:03] C05: French Tarrasch: 3...Nf6 4 e5 Nfd7, 5 f4 and 5 Bd3 sidelines} bxc6 9. O-O cxd4 10. cxd4 c5 11. dxc5 Nxc5 12. Nb3 Ba6 13. Re1 $1 Bc4 $146 ({Predecessor:} 13... Nxb3 14. Qxb3 Bc5 15. Be3 Bxe3 16. Rxe3 Qxb3 17. axb3 {1-0 (45) Sargalski,A (1968)-Pawelec,B (2036) Mielno 2010}) 14. Be3 Bxb3 15. axb3 Be7 16. Ra4 Qb7 17. Rg4 g6 18. Bxc5 Bxc5 19. b4 Be7 20. Qa4+ Kf8 21. Nd4 h5 22. Rf4 Kg7 23. Nc6 (23. h4 $15) 23... Bg5 24. Rf3 Rhc8 25. Na5 Qb6 26. Qd7 Rf8 27. Nb7 Qxb4 28. Rf1 Rae8 29. Nd6 Re7 30. Qc6 Qb8 31. b4 Rc7 32. Qa4 Be7 33. Re1 Bxd6 34. exd6 Rb7 35. Qa1+ Kg8 36. Qe5 Rd7 37. Rg3 Qxd6 38. Qg5 Qxb4 39. Rf1 Qd6 40. Rh3 Qe7 41. Qh6 Qf6 42. g4 (42. Rxh5 {was necessary.} Qg7 43. Qxg7+ Kxg7 44. Rh3) 42... Qg7 43. Qg5 hxg4 44. Qxg4 d4 45. Rd1 Rfd8 46. Rdd3 Rd5 47. Qh4 Rc8 48. Qg4 Qf6 49. Rdg3 {[%emt 0:00:28] [#]} (49. Qe4 $142) 49... d3 $1 50. Rf3 Rg5 0-1